 Dungeon Crawl Stone Soup version 0.30-a0-4-ga7cffc901d (webtiles) character file.

Game seed: 420698579371036334

686 Misha the Cudgeller (level 7, -1/67 HPs)
             Began as a Troll Fighter on Aug 22, 2022.
             Was a Believer of Okawaru.
             Slain by a hound (3 damage)
             ... on level 5 of the Dungeon.
             The game lasted 00:08:41 (3411 turns).

Misha the Cudgeller (Troll Fighter)                 Turns: 3411, Time: 00:08:42

Health: -1/67      AC:  8    Str: 25    XL:     7   Next: 35%
Magic:  15/15      EV:  9    Int:  4    God:    Okawaru [**....]
Gold:   197        SH:  0    Dex: 11    Spells: 6/6 levels left

rFire   + . .      SeeInvis .    a - +1 flail
rCold   + . .      Faith    .    c - +0 kite shield
rNeg    . . .      Spirit   .    b - +0 robe
rPois   +          Reflect  .    (helmet restricted)
rElec   +          Harm     .    (no cloak)
rCorr   +          Rampage  .    (gloves unavailable)
Will    .....                    (boots unavailable)
Stlth   +.........               (no amulet)
HPRegen 1.01/turn                m - ring of magical power
MPRegen 0.14/turn                l - +4 ring of protection

@: confused, brilliant, resistant
A: large, unfitting armour, claws 3, regeneration 1, shaggy fur 1, tough skin 1
a: Renounce Religion, Heroism


You were on level 5 of the Dungeon.
You worshipped Okawaru.
Okawaru was pleased with you.
You visited 1 branch of the dungeon, and saw 5 of its levels.

You collected 197 gold pieces.

Inventory:

Hand Weapons
 a - a +1 flail (weapon)
 s - a +0 mace of draining
Missiles
 h - 3 atropa-tipped darts (quivered)
 q - 14 poisoned darts
Armour
 b - a +0 robe (worn)
 c - a +0 kite shield (worn)
Jewellery
 l - a +4 ring of protection (right claw)
 m - a ring of magical power (left claw)
 u - a ring of magical power
Wands
 j - a wand of flame (23)
 o - a wand of iceblast (6)
Scrolls
 g - a scroll of teleportation
 n - a scroll of poison
 p - 2 scrolls of identify {unknown}
 r - a scroll of enchant weapon
Potions
 d - 2 potions of mutation {unknown}
 f - 2 potions of curing
 k - 3 potions of resistance
 t - 2 potions of lignification {unknown}
 v - 2 potions of magic


   Skills:
 + Level 3.5 Fighting
 + Level 4.8 Maces & Flails
 + Level 0.3 Throwing
 + Level 3.9 Dodging
 + Level 1.0 Stealth
 + Level 4.0 Shields


You had 6 spell levels left.
You didn't know any spells.
Your spell library was empty.

Dungeon Overview and Level Annotations

Branches:
Dungeon (5/15)
 Temple: D:4-7

Altars:
Okawaru


Innate Abilities, Weirdness & Mutations

You are too large for most types of armour.
You have claws for hands.
Your natural rate of healing is unusually fast.
You are covered in fur. (AC +1)
You have tough skin. (AC +1)


Message History

The orc priest invokes the aid of Beogh against you.
Beogh smites you! The hound closely misses you.
It was a potion of curing.
You feel better. The hound bites you but does no damage.
An iguana comes into view.
You block the orc's attack.
You barely miss the orc.
The orc is severely wounded.
The hound closely misses you. The orc closely misses you.
The orc wizard casts a spell at you.
You are confused.
The orc priest hits you but does no damage.
The hound bites you. The adder bites you.
It was a potion of brilliance.
You feel clever all of a sudden.
The iguana hisses angrily.
The hound bites you but does no damage.
The orc hits you with a +0 falchion of distortion.
Space warps horribly around you!
* * * LOW HITPOINT WARNING * * *
The orc priest calls down the wrath of Beogh upon you.
Pain shoots through your body!
* * * LOW HITPOINT WARNING * * *
The orc wizard misses you. The adder bites you but does no damage.
The hound bites you but does no damage.
You barely miss the orc.
The orc is severely wounded.
The orc closely misses you. The hound misses you.
The orc priest hits you with a +0 flail.
* * * LOW HITPOINT WARNING * * *
The orc wizard points at you and mumbles some strange words.
The puff of flame hits you. You resist.
* * * LOW HITPOINT WARNING * * *
The adder bites you.
* * * LOW HITPOINT WARNING * * *
The orc barely misses you.
The orc wizard hits you but does no damage.
The orc priest calls upon Beogh to heal the orc.
The orc is healed somewhat.
The hound bites you.
You die...

#############.#######
#.............#
#............##
#...........##
##....##..###
#....##.## #....##.#
#.Soo##.# #.h@o#..#
#....#.## #..l.+.
#....# .....# ......#
.##..... .# #......
## #####...


You could see an iguana, a hound, an orc priest, an orc wizard, an adder and an
orc.

Vanquished Creatures
  Sigmund (D:2)
  A black bear (D:5)
  An ogre (D:5)
  A howler monkey (D:4)
  A jelly (D:5)
  A hound (D:5)
  An orc priest (D:5)
  Natasha (twice) (D:2)
  An iguana (D:4)
  6 adders
  A white imp (D:5)
  A worm (D:2)
  A dart slug (D:4)
  6 orcs
  3 endoplasms
  3 giant cockroaches
  2 goblins
  10 hobgoblins
  4 jackals (D:2)
  7 kobolds
  2 quokkas
  5 ball pythons
  4 bats
  8 frilled lizards
  7 rats
  A bush (D:1)
81 creatures vanquished.

Vanquished Creatures (others)
  29 plants
29 creatures vanquished.

Grand Total: 110 creatures vanquished

Notes
Turn   | Place    | Note
-------+----------+-------------------------------------------
     0 | D:1      | Misha the Troll Fighter began the quest for the Orb.
     0 | D:1      | Reached XP level 1. HP: 22/22 MP: 0/0
   114 | D:1      | Reached XP level 2. HP: 28/29 MP: 1/1
   391 | D:1      | Found a faded altar of an unknown god.
   402 | D:1      | Prayed at the altar of an unknown god.
   402 | D:1      | Became a worshipper of Warmaster Okawaru
   402 | D:1      | Reached * piety under Okawaru
   912 | D:2      | Reached XP level 3. HP: 24/36 MP: 2/2
  1150 | D:2      | Noticed Sigmund
  1172 | D:2      | Killed Sigmund
  1173 | D:2      | Reached XP level 4. HP: 14/45 MP: 3/3
  1173 | D:2      | Reached XP level 5. HP: 17/53 MP: 4/4
  1244 | D:2      | Noticed Natasha
  1256 | D:2      | Killed Natasha
  1710 | D:2      | Noticed Natasha
  1718 | D:2      | Killed Natasha
  1719 | D:2      | Reached XP level 6. HP: 61/61 MP: 5/5
  1988 | D:3      | Identified the +5 ring mail "Vyriomo" {rF+}
  2790 | D:4      | Reached ** piety under Okawaru
  3031 | D:5      | Entered Level 5 of the Dungeon
  3140 | D:5      | Reached skill level 1 in Stealth
  3140 | D:5      | Reached XP level 7. HP: 67/67 MP: 6/6
  3411 | D:5      | HP: 3/67 [orc wizard/puff of flame (5)]
  3411 | D:5      | Slain by a hound

Illustrated notes

Levels and vault maps discovered:
D:1:      heliophobic_arrival_battle_scene, layout_loops_ring, serial_forest,
          infiniplex_forest_lined_2, infiniplex_forest_end_2,
          infiniplex_forest_side_room, infiniplex_forest_clump_curved,
          infiniplex_forest_lined_room_2, infiniplex_forest_lined_2,
          hellmonk_ecumenical_altar_inner_sanctum
D:2:      layout_basic, kennysheep_boxes, uniq_natasha, uniq_sigmund
D:3:      layout_loops_ring
D:4:      layout_loops_ring
D:5:      layout_basic, uniq_ijyb

Skill      XL: |  1  2  3  4  5  6  7 |
---------------+----------------------+-----
Maces & Flails | 2 3 4 |  4.8
Shields        | 3 4 |  4.0
Fighting       | 3 |  3.5
Dodging        | 3 |  3.9
Stealth        | 1 |  1.0
Throwing       | |  0.3

Action                   |  1- 3 |  4- 6 |  7- 9 || total
-------------------------+-------+-------+-------++-------
Melee: Flail             |   186 |   142 |    27 ||   355
Throw: Dart              |     2 |       |       ||     2
  Use: Scroll            |     2 |     8 |       ||    10
       Potion            |     1 |     2 |     4 ||     7
 Stab: Sleeping          |       |     2 |       ||     2
Armor: Robe              |    57 |    31 |    18 ||   106
Dodge: Dodged            |    58 |    74 |    15 ||   147
Block: Kite shield       |    53 |    62 |    15 ||   130

Table legend: (Time is in decaauts)
 A = Elapsed time spent in this place.
 B = Non-inter-level travel time spent in this place.
 C = Inter-level travel time spent in this place.
 D = Time resting spent in this place.
 E = Time spent auto-exploring this place.
 F = Levels seen in this place.
 G = Mean time per level.
                   A        B        C        D        E       F      G
               +--------+--------+--------+--------+--------+-----+--------+
         Total |   3564 |   3452 |    112 |    131 |   2275 |   5 |  712.8 |
       Dungeon |   3564 |   3452 |    112 |    131 |   2275 |   5 |  712.8 |
               +--------+--------+--------+--------+--------+-----+--------+

Top non-repeatable levels by time:
     D:2: 958 daAuts
     D:1: 958 daAuts
     D:4: 640 daAuts
     D:3: 601 daAuts
     D:5: 406 daAuts
